 Dungeon Crawl Stone Soup version 0.30-a0-989-g0d87f670db (webtiles) character file.

Game seed: 13783485379707652085

52 jtron the Trooper (level 3, -5/39 HPs)
             Began as an Ogre Monk on Apr 3, 2023.
             Slain by a hobgoblin
             ... wielding the +5 short sword of the Key {protect, rC+ Will+}
              (10 damage)
             ... on level 2 of the Dungeon.
             The game lasted 00:01:49 (993 turns).

jtron the Trooper (Ogre Monk)                        Turns: 993, Time: 00:01:50

Health: -5/39      AC:  4    Str: 15    XL:     3   Next: 85%
Magic:  3/3        EV: 10    Int: 13    God:
Gold:   123        SH:  0    Dex: 11    Spells: 2/2 levels left

rFire   . . .      SeeInvis .    a - +0 spear
rCold   . . .      Faith    .    (no shield)
rNeg    . . .      Spirit   .    b - +0 robe
rPois   .          Reflect  .    (helmet restricted)
rElec   .          Rampage  .    e - +0 cloak
rCorr   .                        (gloves unavailable)
Will    .....                    (boots unavailable)
Stlth   ++                       (no amulet)
HPRegen 0.26/turn                (no ring)
MPRegen 0.08/turn                (no ring)

@: no status effects
A: large, unfitting armour, tough skin 1
a: no special abilities


You were on level 2 of the Dungeon.
You visited 1 branch of the dungeon, and saw 2 of its levels.

You collected 123 gold pieces.

Inventory:

Hand Weapons
 a - a +0 spear (weapon)
Missiles
 h - 9 stones (quivered)
 j - 4 poisoned darts
Armour
 b - a +0 robe (worn)
 e - a +0 cloak (worn)
Scrolls
 i - a scroll of poison {unknown}
 k - a scroll of teleportation {unknown}
 l - a scroll of blinking {unknown}
Potions
 c - a potion of ambrosia
 d - a potion of curing
 f - a potion of might {unknown}
 g - 2 potions of cancellation {unknown}
 m - a potion of flight {unknown}


   Skills:
 + Level 4.3 Fighting
 + Level 3.9 Polearms
 + Level 3.2 Dodging
 + Level 1.4 Stealth


You had 2 spell levels left.
You didn't know any spells.
Your spell library was empty.

Dungeon Overview and Level Annotations

Branches:
Dungeon (2/15)

Altars:


Innate Abilities, Weirdness & Mutations

You are too large for most types of armour.
You have tough skin. (AC +1)


Message History

The adder bites you but does no damage.
You miss the adder.
The adder is almost dead.
The adder bites you.
You are poisoned.
The adder poisons you! The adder bites you.
You are more poisoned.
The adder poisons you!
You hit the adder.
You kill the adder!
You feel sick.
Okay, then.
You start resting.
You feel sick. x7
You are no longer poisoned.
You start resting.
A hobgoblin comes into view.
It is wielding the +5 short sword of the Key {protect, rC+ Will+}.
The hobgoblin shouts!
You start resting.
A hobgoblin is nearby!
You hit the hobgoblin but do no damage.
The hobgoblin hits you with the +5 short sword of the Key {protect, rC+ Will+}!
You are too injured to fight recklessly!
You feel better.
The hobgoblin hits you with the +5 short sword of the Key {protect, rC+ Will+}!
You closely miss the hobgoblin.
The hobgoblin hits you with the +5 short sword of the Key {protect, rC+ Will+}!
You closely miss the hobgoblin. The hobgoblin barely misses you.
You hit the hobgoblin but do no damage.
The hobgoblin hits you with the +5 short sword of the Key {protect, rC+ Will+}.
* * * LOW HITPOINT WARNING * * *
You feel better.
The hobgoblin hits you with the +5 short sword of the Key {protect, rC+ Will+}.
You hit the hobgoblin.
The hobgoblin is severely wounded.
The hobgoblin hits you with the +5 short sword of the Key {protect, rC+ Will+}!
* * * LOW HITPOINT WARNING * * *
You barely miss the hobgoblin.
The hobgoblin is severely wounded.
The hobgoblin hits you with the +5 short sword of the Key {protect, rC+ Will+}!
You die...

#.####...#...
......#.#...
...........
#.#......
#####......
.......)†# #. #...##
....#####g..#
........@...###
.##.###.##.....#
...##..##....###.+
.#.....#.##.# # .
###..'####
#.#.##...#
#.##.#...##
#..##.....##########
#.....##..#.......#


You could see a hobgoblin.

Vanquished Creatures
  An adder (D:2)
  10 bats (D:1)
  An endoplasm (D:1)
  2 giant cockroaches (D:1)
  3 goblins (D:1)
  4 hobgoblins (D:1)
  3 jackals (D:1)
  6 ball pythons
  4 frilled lizards
  4 kobolds
  2 rats (D:1)
40 creatures vanquished.

Notes
Turn   | Place    | Note
-------+----------+-------------------------------------------
     0 | D:1      | jtron the Ogre Monk began the quest for the Orb.
     0 | D:1      | Reached XP level 1. HP: 24/24 MP: 1/1
   125 | D:1      | Reached XP level 2. HP: 20/32 MP: 2/2
   350 | D:1      | Reached XP level 3. HP: 23/39 MP: 3/3
   978 | D:2      | Identified the +5 short sword of the Key {protect, rC+
                  | Will+}
   993 | D:2      | Slain by a hobgoblin

Illustrated notes

Levels and vault maps discovered:
D:1:      lightli_arrival_noodles, layout_rooms, minmay_pentomino_o4
D:2:      layout_basic, basic_altar, chequers_ecumenical_altar_simple_redux,
          minmay_bisected

Skill      XL: |  1  2 |
---------------+-------+-----
Dodging        | 3 |  3.2
Fighting       | |  4.3
Polearms       | |  3.9
Stealth        | |  1.4

Action                     || total
---------------------------++-------
  Melee: Spear             ||   184
         Punch             ||     1
  Throw: Stone             ||     1
    Use: Potion            ||     2
         Scroll            ||     1
   Stab: Sleeping          ||     4
 Armour: Robe              ||    65
  Dodge: Dodged            ||    78

Table legend: (Time is in decaauts)
 A = Elapsed time spent in this place.
 B = Non-inter-level travel time spent in this place.
 C = Inter-level travel time spent in this place.
 D = Time resting spent in this place.
 E = Time spent auto-exploring this place.
 F = Levels seen in this place.
 G = Mean time per level.
                   A        B        C        D        E       F      G
               +--------+--------+--------+--------+--------+-----+--------+
         Total |    978 |    950 |     28 |    128 |    530 |   2 |  489.0 |
       Dungeon |    978 |    950 |     28 |    128 |    530 |   2 |  489.0 |
               +--------+--------+--------+--------+--------+-----+--------+

Top non-repeatable levels by time:
     D:1: 822 daAuts
     D:2: 156 daAuts
